AoeStats
← Barón de la Cerveza

Hideout

508986423Analyzed
1v1 RM · 8d ago on Sep 25, 2026· 53m 43s· 2 players
Game mode
Random Map
Map size
Tiny (2 player)
Population
200
Speed
Normal
Resources
Standard
Victory
Conquest
Starting age
Dark Age
Ending age
Imperial Age
RankedLock teamsTeams togetherTeam positionsShared explorationLock speedFull tech treeHidden civsTurbo modeCheats
Victory
Defeat
🇲🇽 Portuguese · Mexico
1873
+17
🇪🇸 Bulgarians · Spain
1890
-17
Barón de la Cerveza
10:08 Feudal Age
10:37 Loom
14:23 Double-Bit Axe
15:45 Wheelbarrow
15:14 Fletching
21:24 Castle Age
27:37 Horse Collar
29:51 Bow Saw
32:39 Fervor
36:16 Imperial Age
33:44 Pikeman
34:26 Scale Mail Armor
35:26 Heavy Plow
36:01 Chain Mail Armor
35:56 Forging
39:32 Chemistry
40:18 Halberdier
42:18 Hand Cart
42:28 Conscription
43:25 Plate Mail Armor
43:31 Iron Casting
42:26 Elite Organ Gun
47:33 Blast Furnace
48:28 Arquebus
52:37 Bloodlines
52:28 Husbandry
51:49 Light Cavalry
54:11 Scale Barding Armor
Crom
7:14 Loom
9:19 Feudal Age
14:10 Double-Bit Axe
15:14 Fletching
16:10 Horse Collar
19:26 Town Watch
20:17 Wheelbarrow
24:21 Castle Age
26:49 Bow Saw
27:04 Forging
28:03 Scale Barding Armor
28:37 Heavy Plow
32:29 Chain Barding Armor
33:50 Iron Casting
33:28 Bloodlines
37:31 Bodkin Arrow
37:57 Scale Mail Armor
40:59 Imperial Age
38:35 Gold Mining
38:37 Stone Mining
39:49 Husbandry
41:33 Padded Archer Armor
42:14 Gold Shaft Mining
42:31 Parthian Tactics
42:07 Bracer
43:06 Conscription
42:56 Stirrups
44:09 Chemistry
43:30 Ballistics
43:38 Leather Archer Armor
43:57 Thumb Ring
44:16 Heavy Cavalry Archer
45:24 Masonry
47:06 Plate Barding Armor
48:41 Light Cavalry
50:03 Onager
53:03 Blast Furnace
Connection lost

Rejoining the realm…

Still unreachable

The connection could not be restored.

Session expired

The server has moved on; the page needs a fresh start.